 Dungeon Crawl Stone Soup version 0.30-a0-1074-g5db6f66fbb (webtiles) character file.

Game seed: 14324388657712664263

17180 IdlyInterested the Warrior (level 12, -5/174 HPs)
             Began as a Demonspawn Gladiator on Apr 13, 2023.
             Slain by a large abomination (14 damage)
             ... in a Gauntlet.
             The game lasted 00:51:20 (12282 turns).

IdlyInterested the Warrior (Demonspawn Gladiator)  Turns: 12282, Time: 00:51:21

Health: -5/174     AC: 15    Str: 15    XL:     12   Next: 16%
Magic:  12/12      EV: 15    Int: 10    God:
Gold:   1066       SH:  0    Dex: 19    Spells: 11/11 levels left

rFire   . . .      SeeInvis .    G - +2 short sword (drain)
rCold   . . .      Faith    .    (no shield)
rNeg    . . .      Spirit   .    L - +0 acid dragon scales
rPois   +          Reflect  .    S - +3 hat of the Will of the Gods {rElec Will+}
rElec   +          Rampage  +    h - +2 cloak {rPois}
rCorr   +          NoTele   +    (no gloves)
Will    +....                    d - +1 pair of boots {rampage} Stlth
                                 K - amulet of regeneration
HPRegen 1.29/turn                O - ring of flight
MPRegen 0.13/turn                Z - ring of resist corrosion

@: berserking, flying, very quick
A: demonic guardian 1, spiny 2, sturdy frame 1, demonic touch 1
a: no special abilities


You were in a Gauntlet.
You visited 2 branches of the dungeon, and saw 12 of its levels.
You also visited: Trove, Sewer and Gauntlet.

You collected 1168 gold pieces.
You spent 102 gold pieces at shops.

Inventory:

Hand Weapons
 a - a +0 rapier
 e - a +1 war axe of flaming
 v - a +2 demon trident of electrocution
 G - a +2 short sword of draining (weapon)
Missiles
 f - 7 javelins
 j - 12 boomerangs (quivered)
 o - 92 stones
 x - 26 poisoned darts
 E - 4 throwing nets
 I - a curare-tipped dart
Armour
 d - a +1 pair of boots of rampaging (worn)
 h - a +2 cloak of poison resistance (worn)
 y - the +2 cloak of Spite {Harm rN+ Str-4}
   (You found it in a treasure trove)

   Str:       It affects your strength (-4).
   rN:        It protects you from negative energy.
   Harm:      It increases damage dealt and taken.
 C - a +1 kite shield of cold resistance
 L - +0 acid dragon scales (worn)
 S - the +3 hat of the Will of the Gods (worn) {rElec Will+}
   (You found it in a treasure trove)

   rElec:     It insulates you from electricity.
   Will:      It increases your willpower.
Magical Staves
 F - a staff of fire
Jewellery
 K - an amulet of regeneration (around neck)
 O - a ring of flight (left hand)
 X - an amulet of reflection
 Z - a ring of resist corrosion (right hand)
Wands
 n - a wand of paralysis (3)
 Y - a wand of flame (9)
Scrolls
 g - a scroll of fog
 i - 4 scrolls of amnesia
 p - 5 scrolls of enchant armour
 w - 6 scrolls of teleportation
 z - 3 scrolls of immolation
 A - a scroll of blinking
 H - a scroll of enchant weapon {unknown}
 J - a scroll of magic mapping
 M - a scroll of identify
 V - 2 scrolls of poison
Potions
 c - 2 potions of cancellation {unknown}
 k - 3 potions of lignification
 l - 2 potions of brilliance {unknown}
 m - a potion of resistance
 q - 2 potions of heal wounds
 r - 4 potions of curing
 s - 4 potions of attraction
 t - 4 potions of haste
 u - 3 potions of magic
 B - 2 potions of experience
 D - 2 potions of might {unknown}
 N - 2 potions of mutation {unknown}
 T - 2 potions of flight {unknown}
 U - a potion of ambrosia {unknown}


   Skills:
 + Level 17.8 Fighting
 - Level 2.6 Short Blades
 - Level 3.0 Throwing
 - Level 3.0 Armour
 - Level 6.0 Dodging
 - Level 3.0 Stealth
 - Level 3.0 Evocations


You had 11 spell levels left.
You didn't know any spells.
Your spell library contained the following spells:

 Spells                   Type           Power      Damage    Failure   Level
 Apportation              Tloc           0%         N/A       38%         1
 Beastly Appendage        Tmut           0%         N/A       38%         1
 Kiss of Death            Conj/Necr      0%         2d5       38%         1
 Ensorcelled Hibernation  Hex/Ice        0%         N/A       54%         2
 Lesser Beckoning         Tloc           0%         N/A       54%         2
 Passwall                 Tmut/Erth      0%         N/A       54%         2
 Sublimation of Blood     Necr           0%         N/A       54%         2
 Wereblood                Tmut           0%         N/A       54%         2
 Confusing Touch          Hex            0%         N/A       77%         3
 Dazzling Flash           Conj/Hex       0%         N/A       77%         3
 Gell's Gravitas          Tloc           0%         N/A       77%         3
 Spider Form              Tmut/Pois      0%         N/A       77%         3
 Swiftness                Air            0%         N/A       77%         3
 Teleport Other           Tloc           0%         N/A       77%         3
 Cause Fear               Hex            0%         N/A       99%         4
 Dispel Undead            Necr           0%         3d6       99%         4
 Petrify                  Tmut/Erth      0%         N/A       99%         4
 Agony                    Necr           0%         N/A       100%        5
 Alistair's Intoxication  Tmut/Pois      0%         N/A       100%        5
 Irradiate                Conj/Tmut      0%         3d11      100%        5
 Metabolic Englaciation   Hex/Ice        0%         N/A       100%        5
 Silence                  Hex/Air        0%         N/A       100%        5
 Statue Form              Tmut/Erth      0%         N/A       100%        6
 Dragon Form              Tmut           0%         N/A       100%        7
 Dragon's Call            Summ           0%         N/A       100%        9


Dungeon Overview and Level Annotations

Branches:
Dungeon (11/15)            Temple (1/1) D:5            Lair (0/5) D:8
    Orc (0/2) D:9           Sewer (visited)         Gauntlet (1/1)

Altars:
Ashenzari
Cheibriados
Dithmenos
Fedhas
Gozag
Hepliaklqana
Kikubaaqudgha
Makhleb
Nemelex Xobeh
Okawaru
Qazlal
Ru
Sif Muna
Trog
Uskayaw
Vehumet
Wu Jian
Xom
Yredelemnul

Shops:
D:4 [   D:5 *   D:8 =

Annotations:
Gauntlet 13 transporters, 21 runed translucent doors, exclusion: 2 lightning spires


Innate Abilities, Weirdness & Mutations

A weak demonic guardian rushes to your aid.
You are mostly covered in sharp spines.
Your movements are slightly less encumbered by armour. (ER -2)
Your touch may inflict minor irresistible damage on your foes.


Message History

* * * LOW HITPOINT WARNING * * *
A demonic guardian appears!
You barely miss the small abomination.
You touch the small abomination!
The small abomination is almost destroyed.
Unknown command.
You hit the large abomination but do no damage.
The small abomination is struck by your spines.
The small abomination closely misses you.
The large abomination is struck by your spines.
The large abomination hits you but does no damage.
Your ice devil hits the large abomination but does no damage.
You hit the large abomination.
The large abomination is lightly damaged.
The small abomination barely misses you.
The large abomination hits you but does no damage.
The large abomination is struck by your spines.
The large abomination barely misses you.
You barely miss the large abomination.
The large abomination is moderately damaged.
The small abomination is struck by your spines.
You destroy the small abomination!
Your ice devil hits the large abomination but does no damage.
The large abomination is struck by your spines.
The large abomination hits you.
* * * LOW HITPOINT WARNING * * *
The large abomination hits you!
* * * LOW HITPOINT WARNING * * *
You puncture the large abomination!
You touch the large abomination!
The large abomination is severely damaged.
The large abomination hits you!
* * * LOW HITPOINT WARNING * * *
You hit the large abomination but do no damage.
The large abomination is severely damaged.
Your ice devil hits the large abomination but does no damage.
The large abomination barely misses you. x2
Unknown command.
You hit the large abomination.
The large abomination is almost destroyed.
The large abomination hits you!
You die...

#################################
.................................
.................................
##########.###########.##########
..?.©$[ZZ#.#..[.©|!..#.#...?©![..
..##.##.Z#.#.........#.#.^....YY.
.#Z.#..#Z#.#....4....#.#.#######.
.#..#..#.#.#...XXX...#.#.#.#.#^#.
.^#####^.#.#....@....#.#....©....
.#..#©.#.#.#.........#.##.#.#.#Y#
.#..#..#.#.#.........#.#Y#######.
..##.##..#.#.........#.#pYY......
...Z...ZZ#.#.........#.#YY.......
#################################
§≈≈#©...........©...........©#...
################.#############...
........©#§≈8≈§#.#..............#


You could see 3 large abominations and a friendly ice devil (summoned).

Vanquished Creatures
  Harold (D:9)
  4 two-headed ogres
  Pikel (D:8)
  A worldbinder (Gauntlet)
  A cyclops (D:11)
  Maurice (D:8)
  A smoke demon (Gauntlet)
  An unseen horror (D:10)
  Maggie (D:6)
  3 kobold demonologists (D:10)
  A red devil (Gauntlet)
  3 trolls (D:9)
  A hornet (D:8)
  Prince Ribbit (D:8)
  Grinder (D:5)
  A shadow (D:9)
  A wraith (D:9)
  A wyvern (D:9)
  20 yaks
  A vampire mosquito (D:9)
  A steam dragon (D:6)
  Menkaure (D:6)
  2 water moccasins
  A sky beast (D:6)
  9 orc warriors
  A black bear (D:5)
  2 ice beasts (D:6)
  An ogre (D:4)
  3 centaurs
  3 boggarts (Gauntlet)
  3 wolves (D:8)
  2 phantoms (D:6)
  5 kobold brigands
  4 bullfrogs
  A gnoll sergeant (D:10)
  4 small abominations (Gauntlet)
  4 scorpions
  5 killer bees (D:9)
  3 howler monkeys (D:10)
  6 electric eels (D:8)
  3 crimson imps (Gauntlet)
  10 hounds
  3 jellies (Sewer)
  A gnoll bouda (D:7)
  7 orc priests
  Crazy Yiuf (D:4)
  3 iguanas
  Natasha (D:3)
  15 orc wizards
  8 gnolls
  17 adders
  5 river rats (Sewer)
  A shadow imp (D:7)
  3 white imps
  A worm (D:4)
  3 dart slugs
  37 orcs
  8 ball pythons
  16 endoplasms
  6 giant cockroaches
  4 goblins
  6 hobgoblins
  3 jackals (D:1)
  16 kobolds
  2 quokkas
  6 bats
  5 frilled lizards (Sewer)
  7 rats
305 creatures vanquished.

Vanquished Creatures (others)
  A troll (D:8)
  23 demonic plants (Gauntlet)
  A plant (D:5)
25 creatures vanquished.

Grand Total: 330 creatures vanquished

Notes
Turn   | Place    | Note
-------+----------+-------------------------------------------
     0 | D:1      | IdlyInterested the Demonspawn Gladiator began the quest for
                  | the Orb.
     0 | D:1      | Reached XP level 1. HP: 16/16 MP: 1/1
   171 | D:1      | Gained mutation: You are partially covered in sharp spines.
                  | [demonic ancestry]
   171 | D:1      | Reached XP level 2. HP: 18/23 MP: 2/2
   226 | D:1      | Reached skill level 3 in Fighting
   226 | D:1      | Reached skill level 1 in Stealth
   380 | D:1      | Reached XP level 3. HP: 29/29 MP: 3/3
  1121 | D:2      | Reached skill level 1 in Armour
  1188 | D:2      | Reached XP level 4. HP: 37/37 MP: 4/4
  1246 | D:2      | Reached skill level 4 in Fighting
  2039 | D:3      | Reached skill level 1 in Evocations
  2085 | D:3      | Noticed Natasha
  2093 | D:3      | Killed Natasha
  2158 | D:3      | Reached XP level 5. HP: 43/43 MP: 5/5
  2275 | D:3      | Reached skill level 5 in Fighting
  2684 | D:4      | Noticed an ogre
  2690 | D:4      | Killed an ogre
  2691 | D:4      | Gained mutation: Your movements are slightly less
                  | encumbered by armour. (ER -2) [demonic ancestry]
  2691 | D:4      | Reached XP level 6. HP: 32/52 MP: 6/6
  3227 | D:4      | Reached skill level 6 in Fighting
  3368 | D:4      | Found a runed translucent door.
  3369 | D:4      | Noticed Crazy Yiuf
  3429 | D:4      | Found Goga's Armour Shoppe.
  3703 | D:4      | Killed Crazy Yiuf
  3775 | D:5      | Entered Level 5 of the Dungeon
  3905 | D:5      | Reached skill level 7 in Fighting
  3912 | D:5      | Gained mutation: Your touch may inflict minor irresistible
                  | damage on your foes. [demonic ancestry]
  3912 | D:5      | Reached XP level 7. HP: 60/60 MP: 7/7
  4025 | D:5      | Noticed Grinder
  4038 | D:5      | Killed Grinder
  4039 | D:5      | Reached skill level 8 in Fighting
  4200 | D:5      | Found a staircase to the Ecumenical Temple.
  4212 | Temple   | Entered the Ecumenical Temple
  4447 | D:5      | Found Olior's Assorted Antiques.
  4572 | D:5      | Reached skill level 9 in Fighting
  4572 | D:5      | Reached XP level 8. HP: 52/71 MP: 8/8
  4655 | D:5      | Bought a scroll labelled QUEBON ETICOESM for 22 gold pieces
  4655 | D:5      | Bought 2 fizzy orange potions for 39 gold pieces
  4655 | D:5      | Bought an amethyst potion for 19 gold pieces
  4655 | D:5      | Bought a scroll labelled JECZYZ HITIO for 22 gold pieces
  5056 | D:6      | Found a glowing drain.
  5068 | Sewer    | Entered a sewer
  5152 | Sewer    | Reached skill level 10 in Fighting
  5191 | Sewer    | Found a viscous altar of Jiyva.
  5390 | D:6      | Noticed Menkaure
  5397 | D:6      | Killed Menkaure
  5703 | D:6      | Reached skill level 11 in Fighting
  5799 | D:6      | Noticed Maggie
  5814 | D:6      | Killed Maggie
  5815 | D:6      | Reached XP level 9. HP: 49/81 MP: 9/9
  5928 | D:6      | Found an iron altar of Okawaru.
  5941 | D:6      | Reached skill level 12 in Fighting
  6656 | D:7      | Reached skill level 5 in Dodging
  7026 | D:7      | Found an opulent altar of Gozag.
  7444 | D:8      | Found a staircase to the Lair.
  7444 | D:8      | Noticed a troll
  7474 | D:8      | Killed a troll
  7484 | D:8      | Gained mutation: You are mostly covered in sharp spines.
                  | [demonic ancestry]
  7484 | D:8      | Reached XP level 10. HP: 44/91 MP: 10/10
  7490 | D:8      | Noticed Maurice
  7528 | D:8      | Killed Maurice
  7529 | D:8      | Reached skill level 13 in Fighting
  7737 | D:8      | Noticed Pikel
  7747 | D:8      | Killed Pikel
  7856 | D:8      | Noticed Prince Ribbit
  7873 | D:8      | Killed Prince Ribbit
  8072 | D:8      | Found Fuypocy's Jewellery Emporium.
  8705 | D:9      | Found a staircase to the Orcish Mines.
  8732 | D:9      | Reached skill level 14 in Fighting
  8866 | D:9      | Noticed a two-headed ogre
  8876 | D:9      | Killed a two-headed ogre
  9036 | D:9      | Noticed Harold
  9062 | D:9      | Killed Harold
  9203 | D:9      | Reached XP level 11. HP: 75/101 MP: 11/11
  9558 | D:9      | Noticed a two-headed ogre
  9577 | D:9      | Killed a two-headed ogre
  9578 | D:9      | Reached skill level 15 in Fighting
  9825 | D:10     | Entered Level 10 of the Dungeon
 10023 | D:10     | Reached skill level 16 in Fighting
 10067 | D:10     | Found an ornate altar of the Wu Jian Council.
 10184 | D:10     | Noticed a two-headed ogre
 10197 | D:10     | Killed a two-headed ogre
 10352 | D:10     | Noticed a two-headed ogre
 10363 | D:10     | Killed a two-headed ogre
 10555 | D:10     | Reached skill level 17 in Fighting
 10628 | D:10     | Found a portal to a secret trove of treasure.
 10654 | Trove    | Entered a treasure trove
 10690 | Trove    | Identified the +2 cloak of Spite {Harm rN+ Str-4}
 10703 | Trove    | Identified the +3 tower shield "Naott" {Dex+2 Slay+3}
 10719 | Trove    | Found the +1 Delatra's gloves {ID++}
 10744 | Trove    | Identified the +3 hat of the Will of the Gods {rElec Will+}
 11759 | D:11     | Gained mutation: A weak demonic guardian rushes to your
                  | aid. [demonic ancestry]
 11759 | D:11     | Reached XP level 12. HP: 114/114 MP: 12/12
 11774 | D:11     | Found a gate leading to a gauntlet.
 11784 | Gauntlet | Entered a Gauntlet
 11784 | Gauntlet | Found a transporter.
 11795 | Gauntlet | Found a transporter.
 11808 | Gauntlet | Found a transporter.
 11812 | Gauntlet | Found a large runed translucent door.
 11812 | Gauntlet | Found a large runed translucent door.
 11812 | Gauntlet | Found a large runed translucent door.
 11812 | Gauntlet | Found a large runed translucent door.
 11813 | Gauntlet | Found a runed translucent door.
 11813 | Gauntlet | Found a large runed translucent door.
 11814 | Gauntlet | Found a transporter.
 11814 | Gauntlet | Noticed a ghost crab
 11815 | Gauntlet | Found a runed translucent door.
 11816 | Gauntlet | Found a large runed translucent door.
 11816 | Gauntlet | Found a large runed translucent door.
 11816 | Gauntlet | Found a large runed translucent door.
 11817 | Gauntlet | Found a large runed translucent door.
 11818 | Gauntlet | Found a large runed translucent door.
 11823 | Gauntlet | Found a large runed translucent door.
 11823 | Gauntlet | Found a large runed translucent door.
 11824 | Gauntlet | Found a large runed translucent door.
 11824 | Gauntlet | Found a large runed translucent door.
 11824 | Gauntlet | Found a large runed translucent door.
 11824 | Gauntlet | Found a large runed translucent door.
 11827 | Gauntlet | Found a runed translucent gate.
 11827 | Gauntlet | Found a runed translucent gate.
 11827 | Gauntlet | Found a runed translucent gate.
 11829 | Gauntlet | Found a transporter.
 11848 | Gauntlet | Found a transporter.
 11878 | Gauntlet | Found a transporter.
 11884 | Gauntlet | Found a transporter.
 11886 | Gauntlet | Found a transporter.
 11903 | Gauntlet | Found a transporter.
 11915 | Gauntlet | Found a transporter.
 11925 | Gauntlet | Noticed a death yak
 11925 | Gauntlet | Noticed a death yak
 11926 | Gauntlet | Noticed a death yak
 11927 | Gauntlet | Found a transporter.
 11927 | Gauntlet | Noticed a death yak
 11927 | Gauntlet | Noticed a death yak
 11928 | Gauntlet | Noticed a death yak
 11945 | Gauntlet | Found a transporter.
 11963 | Gauntlet | Found a transporter.
 11965 | Gauntlet | Found a transporter.
 12006 | Gauntlet | Found a transporter.
 12008 | Gauntlet | Found a transporter.
 12010 | Gauntlet | Found a transporter.
 12280 | Gauntlet | HP: 7/174 [large abomination (9)]
 12282 | Gauntlet | Slain by a large abomination

Illustrated notes

Levels and vault maps discovered:
D:1:      lemuel_arrival_rhombus, layout_loops_cross
D:2:      layout_basic, hex_medium
D:3:      layout_rooms, uniq_natasha
D:4:      layout_loops_corners, serial_shops, shop, uniq_crazy_yiuf_cottage
D:5:      layout_loops_ring, minmay_temple_entry_gardened_gates,
          kennysheep_windowed_goal, uniq_grinder
D:6:      layout_loops_ring, jmf_multi_god_temple, portal_sewer_entry_d,
          hangedman_decor_diamond_cutter, minivault_1, lemuel_flame_loot_1,
          uniq_menkaure, uniq_maggie
D:7:      layout_gridville, mainiacjoe_overflow_catwalk,
          dreamdust_gnoll_shepherd
D:8:      layout_loops_ring, erik_lair_island, serial_shops, shop,
          minmay_misc_feat_five, uniq_pikel, uniq_prince_ribbit1, uniq_maurice
D:9:      minmay_polygon_palace, layout_irregular_city, david_orc_2,
          kennysheep_generic_room_8, uniq_harold
D:10:     layout_roguey, nicolae_wu_jian_wuxing_cycle, enter_trove_3
D:11:     layout_roguey, gauntlet_entry_generic
Temple:   compressed_dpeg_circular_temple
Gauntlet: gammafunk_gauntlet_one_two_three [gammafunk_gauntlet_arena_hedges,
          gammafunk_gauntlet_arena_split_diamond, nicolae_gauntlet_arena_blocks,
          gammafunk_gauntlet_arena_teeth, gammafunk_gauntlet_arena_open,
          nicolae_gauntlet_arena_quarters, nicolae_gauntlet_arena_grate_2,
          nicolae_gauntlet_arena_x, minmay_gauntlet_arena_make_your_own_arena,
          gauntlet_exit_watery]

Skill      XL: |  1  2  3  4  5  6  7  8  9 10 11 |
---------------+----------------------------------+-----
Fighting       | 3 4 5 7 9 11 12 14 17 | 17.8
Stealth        | 1 3 |  3.0
Armour         | 1 2 3 |  3.0
Evocations     | 1 3 |  3.0
Dodging        | 3 6 |  6.0
Throwing       | 3 |  3.0
Short Blades   | |  2.6

Action                     |  1- 3 |  4- 6 |  7- 9 | 10-12 || total
---------------------------+-------+-------+-------+-------++-------
  Melee: Rapier            |    79 |    36 |       |       ||   115
         Dagger            |       |    78 |   273 |   268 ||   619
         Touch             |       |       |    51 |   108 ||   159
         Punch             |       |       |    10 |     9 ||    19
         Short sword       |       |       |       |   192 ||   192
  Throw: Boomerang         |     3 |     3 |       |    16 ||    22
         Throwing net      |       |       |       |     1 ||     1
         Dart              |       |       |       |     9 ||     9
  Evoke: Wand              |       |       |       |    13 ||    13
    Use: Scroll            |     2 |     1 |    13 |     4 ||    20
         Potion            |       |       |     1 |     3 ||     4
   Stab: Sleeping          |       |     1 |     9 |     7 ||    17
 Armour: Leather armour    |    11 |       |       |       ||    11
         Ring mail         |    13 |    34 |    83 |   117 ||   247
         Acid dragon scale |       |       |    11 |    37 ||    48
  Dodge: Dodged            |    47 |    45 |   159 |   304 ||   555

Table legend: (Time is in decaauts)
 A = Elapsed time spent in this place.
 B = Non-inter-level travel time spent in this place.
 C = Inter-level travel time spent in this place.
 D = Time resting spent in this place.
 E = Time spent auto-exploring this place.
 F = Levels seen in this place.
 G = Mean time per level.
                   A        B        C        D        E       F      G
               +--------+--------+--------+--------+--------+-----+--------+
         Total |  12409 |  10454 |   1955 |   1522 |   5203 |  15 |  827.3 |
       Dungeon |  11379 |   9432 |   1947 |   1406 |   5144 |  11 | 1034.5 |
        Temple |    210 |    202 |      8 |      0 |     59 |   1 |  210.0 |
         Trove |    107 |    107 |      0 |      0 |      0 |   1 |  107.0 |
         Sewer |    223 |    223 |      0 |      0 |      0 |   1 |  223.0 |
      Gauntlet |    489 |    489 |      0 |    116 |      0 |   1 |  489.0 |
               +--------+--------+--------+--------+--------+-----+--------+

Top non-repeatable levels by time:
     D:6: 1389 daAuts
     D:4: 1376 daAuts
     D:9: 1292 daAuts
     D:5: 1249 daAuts
    D:10: 1092 daAuts
     D:7: 1091 daAuts
     D:8: 1085 daAuts
     D:1: 1044 daAuts
     D:2: 928 daAuts
     D:3: 671 daAuts
Gauntlet: 489 daAuts
   Sewer: 223 daAuts
  Temple: 210 daAuts
    D:11: 157 daAuts
   Trove: 107 daAuts
